Kradschützen Motorcycle Team
Selects Armored Support Battlegroup
Construct Light Support Kompanie
Selects Superior Fire Drills
Pak 38 Anti-tank Gun Team
Selects Flammpanzer III Medium Tank
Construct Panzerarmee Kommand
Pak 38 Anti-tank Gun Team
Flammpanzer III Medium Tank
Selects Command Panzer IV F Medium Tank
Selects Vehicle Awareness
Flammpanzer III Medium Tank
Selects Stuka Anti-tank Loiter
Flammpanzer III Medium Tank
Walking Stuka Rocket Launcher